AoeStats
← TAKEOVER

MegaRandom

507977312Analyzed
2v2 RM · 11d ago on Sep 20, 2026· 47m 40s· 4 players
Game mode
Random Map
Map size
Medium (4 player)
Population
200
Speed
Normal
Resources
Standard
Victory
Conquest
Starting age
Dark Age
Ending age
Imperial Age
RankedLock teamsTeams togetherTeam positionsShared explorationLock speedFull tech treeHidden civsTurbo modeCheats
Victory
Defeat
🇺🇸 Tupi · United States
919
+14
🇹🇷 Britons · Türkiye
863
+16
🇫🇷 Goths · France
888
-15
🇨🇦 Spanish · Canada
859
-15
Arya
1:03 Loom
12:50 Feudal Age
14:32 Wheelbarrow
13:44 Double-Bit Axe
13:43 Horse Collar
20:21 Castle Age
21:23 Bow Saw
21:16 Heavy Plow
23:16 Hand Cart
23:41 Gold Mining
25:58 Stone Mining
26:50 Anarchy
28:07 Squires
29:28 Forging
29:18 Scale Mail Armor
29:50 Murder Holes
30:56 Iron Casting
31:05 Ballistics
33:17 Chain Mail Armor
37:20 Imperial Age
37:28 Elite Huskarl
38:31 Conscription
38:12 Perfusion
39:29 Two-Man Saw
39:04 Crop Rotation
40:39 Blast Furnace
44:49 Chemistry
TAKEOVER
0:28 Loom
13:26 Feudal Age
14:55 Wheelbarrow
14:03 Horse Collar
14:10 Double-Bit Axe
14:29 Town Watch
15:02 Gold Mining
15:06 Stone Mining
23:56 Castle Age
23:11 Forging
23:58 Scale Mail Armor
24:51 Bloodlines
24:02 Light Cavalry
24:47 Padded Archer Armor
26:48 Elite Skirmisher
29:02 Scale Barding Armor
33:04 Iron Casting
37:48 Husbandry
40:46 Bow Saw
flamelnico7518
0:29 Loom
11:07 Feudal Age
16:34 Castle Age
15:07 Double-Bit Axe
18:25 Bow Saw
21:27 Horse Collar
26:51 Heavy Plow
29:57 Caravan
34:54 Imperial Age
33:19 Wheelbarrow
33:12 Man-at-Arms
33:39 Gambesons
34:38 Gold Mining
35:01 Forging
34:14 Long Swordsman
35:00 Squires
35:30 Fletching
35:06 Two-Handed Swordsman
36:05 Champion
38:49 Yeomen
39:05 Bodkin Arrow
40:43 Two-Man Saw
41:01 Iron Casting
42:55 Blast Furnace
41:58 Bracer
43:01 Scale Mail Armor
43:05 Padded Archer Armor
46:44 Chain Mail Armor
47:45 Gold Shaft Mining
48:46 Plate Mail Armor
Dirty F150
10:57 Feudal Age
9:35 Loom
11:33 Double-Bit Axe
16:08 Castle Age
22:11 Fletching
22:55 Padded Archer Armor
23:29 Bodkin Arrow
26:26 Wheelbarrow
26:50 Horse Collar
28:02 Ballistics
33:25 Imperial Age
32:02 Bow Saw
32:08 Padded Archer Armor
32:19 Forging
32:09 Scale Mail Armor
33:28 Hand Cart
35:52 Chemistry
34:57 Bracer
35:20 Conscription
35:34 Curare
39:26 Murder Holes
40:43 Town Watch
41:29 Town Patrol
41:49 Caciques
41:07 Elite Blackwood Archer
42:22 Hoardings
43:25 Squires
43:11 Arson
43:46 Heavy Plow
44:50 Two-Man Saw
43:40 Stone Mining
43:41 Gold Mining
Connection lost

Rejoining the realm…

Still unreachable

The connection could not be restored.

Session expired

The server has moved on; the page needs a fresh start.